 Dungeon Sprint DCSS version 0.28.0-53-g5a82cb258f (webtiles) character file.

Game seed: 13759018995400343468

5975 Zeld the Severer (level 10, -10/154 HPs)
             Began as a Minotaur Berserker on June 16, 2022.
             Was a High Priest of Trog.
             Mangled by a seven-headed hydra (14 damage)
             ... in the Dungeon (Sprint III: "The Ten Rune Challenge").
             The game lasted 00:02:59 (4823 turns).

Zeld the Severer (Minotaur Berserker)               Turns: 4823, Time: 00:02:59

Health: -10/154    AC:  4    Str: 26    XL:     10   Next: 55%
Magic:  9/9        EV: 16    Int:  4    God:    Trog [*****.]
Gold:   42         SH:  0    Dex: 10    Spells: 9/9 levels left

rFire   . . .      SeeInvis .   a - +4 executioner's axe (flame)
rCold   . . .      Faith    .   (shield currently unavailable)
rNeg    . . .      Spirit   .   b - +0 animal skin
rPois   .          Reflect  .   (helmet restricted)
rElec   .          Harm     .   i - +0 cloak
rCorr   .          Rampage  .   (no gloves)
Will    .....      NoTele   +   (no boots)
Stlth   ..........              (no amulet)
HPRegen 0.35/turn               (no ring)
MPRegen 0.11/turn               (no ring)

@: berserking, slow
A: horns 2, retaliatory headbutt
a: Renounce Religion, Berserk, Trog's Hand, Brothers in Arms


You were in the Dungeon.
You worshipped Trog.
Trog was extremely pleased with you.
You visited 1 branch You collected 42 gold pieces.

Inventory:

Hand Weapons
 a - a +4 executioner's axe of flaming (weapon)
Armour
 b - a +0 animal skin (worn)
 i - a +0 cloak (worn)
Wands
 p - a wand of flame (27)
Scrolls
 h - a scroll of blinking
 k - 2 scrolls of immolation {unknown}
 m - a scroll of holy word {unknown}
 n - a scroll of identify {unknown}
Potions
 c - 2 potions of curing
 d - a potion of heal wounds
 e - a potion of haste
 f - 2 potions of magic
 g - 2 potions of berserk rage
 j - 3 potions of mutation {unknown}
 l - a potion of attraction {unknown}
 o - 2 potions of flight
 q - a potion of might


   Skills:
 + Level 14.1 Fighting
 * Level 19.1 Axes
 + Level 13.8 Armour
 + Level 12.7 Dodging


You had 9 spell levels left.
You didn't know any spells.
Your spell library was empty.

Dungeon Overview and Level Annotations

Branches:
Dungeon (1/1)

Altars:
Cheibriados
Dithmenos
Elyvilon
Fedhas
Gozag
Hepliaklqana
Kikubaaqudgha
Makhleb
Nemelex Xobeh
Okawaru
Qazlal
Ru
Sif Muna
Trog
Uskayaw
Vehumet
Wu Jian
Xom
Yredelemnul
Zin
The Shining One
Beogh
Jiyva
Lugonu


Innate Abilities, Weirdness & Mutations

You have a pair of horns on your head.
You reflexively headbutt those who attack you in melee.


Message History

You kill the electric eel!
Trog accepts your kill.
You hear a splash.
Unknown command.
You enter the shallow water.
Moving in this stuff is going to be slow.
The eight-headed hydra bites you. The eight-headed hydra bites you!
The eight-headed hydra bites you. The eight-headed hydra misses you.
The eight-headed hydra bites you! x2; The eight-headed hydra bites you.
The eight-headed hydra barely misses you.
A red film seems to cover your vision as you go berserk!
You feel yourself moving faster!
You feel mighty!
The eight-headed hydra completely misses you.
The eight-headed hydra closely misses you. x2
The eight-headed hydra bites you!
The eight-headed hydra bites you but does no damage.
The eight-headed hydra misses you. x2; The eight-headed hydra bites you.
The eight-headed hydra bites you! The eight-headed hydra bites you. x2
The eight-headed hydra bites you!
* * * LOW HITPOINT WARNING * * *
The eight-headed hydra bites you!
* * * LOW HITPOINT WARNING * * *
The eight-headed hydra bites you.
* * * LOW HITPOINT WARNING * * *
The eight-headed hydra bites you!
* * * LOW HITPOINT WARNING * * *
The eight-headed hydra completely misses you.
Unknown command.
You hack one of the eight-headed hydra's heads off!
The flame cauterises the wound!
You slice the seven-headed hydra!! You burn the seven-headed hydra!
The seven-headed hydra is heavily wounded.
You lop one of the eight-headed hydra's heads off!
The flame cauterises the wound!
You slice the seven-headed hydra!! You burn the seven-headed hydra!
The seven-headed hydra bites you!
* * * LOW HITPOINT WARNING * * *
The seven-headed hydra closely misses you.
The seven-headed hydra bites you but does no damage.
The seven-headed hydra misses you. The seven-headed hydra bites you!
You die...

.#___#__'...#...#..#..##)))......
▓▓▓▓▓▓▓▓▓▓▓▓▓▓▓▓▓▓▓▓▓▓▓▓▓▓#^...^.
.....♣♣♣♣≈≈≈........≈≈≈...#......
.≈≈≈≈'♣♣'♣≈≈≈≈≈≈≈≈≈≈≈≈♣♣..'..^^..
...†.#.≈♣♣♣♣♣♣♣♣♣♣♣♣♣♣♣♣P.#......
♣♣♣♣♣#..♣♣ ♣♣♣##+####
###'♣♣♣♣♣♣♣♣♣♣♣♣♣♣♣
♣♣♣♣.##..##≈≈≈≈≈≈..#
♣.).##.##.#≈@D≈≈☼..#
♣♣.##.##.##'≈D≈≈°###
♣..#.##...#†≈..☼.☼○
♣♣.##.##.)#≈..+####
♣♣.##.#####...# ♣.....# ....#
####### #####


You could see 2 seven-headed hydras.

Vanquished Creatures
  Urug (D)
  A deep elf pyromancer (D)
  A lindwurm (D)
  2 cane toads (D)
  A rime drake (D)
  A komodo dragon (D)
  2 wandering mushrooms (D)
  2 tyrant leeches (D)
  A shadow (D)
  4 redbacks (D)
  A spatial vortex (D)
  A swamp drake (D)
  A necrophage (D)
  5 two-headed ogres (D)
  A water elemental (D)
  An electric eel (D)
  A jelly (D)
  Crazy Yiuf (D)
  A wizard (D)
  A necromancer (D)
  3 humans (D)
  A kobold demonologist (D)
  An endoplasm (D)
  3 rats (D)
38 creatures vanquished.

Vanquished Creatures (collateral kills)
  Erolcha (D)
  A redback (D)
2 creatures vanquished.

Vanquished Creatures (others)
  A wandering mushroom (D)
  3 plants (D)
4 creatures vanquished.

Grand Total: 44 creatures vanquished

Notes
Turn   | Place    | Note
-------+----------+-------------------------------------------
     0 | D        | Zeld the Minotaur Berserker began the quest for the Orb.
     0 | D        | Reached XP level 1. HP: 19/19 MP: 0/0
     6 | D        | Reached skill level 4 in Axes
    76 | D        | Reached ** piety under Trog
   111 | D        | Reached skill level 5 in Axes
   111 | D        | Reached XP level 2. HP: 14/28 MP: 1/1
   303 | D        | Noticed Crazy Yiuf
   312 | D        | Killed Crazy Yiuf
   313 | D        | Reached skill level 5 in Fighting
   313 | D        | Reached skill level 6 in Axes
   313 | D        | Reached XP level 3. HP: 36/36 MP: 2/2
   381 | D        | Noticed a water elemental
   383 | D        | Killed a water elemental
   383 | D        | Reached *** piety under Trog
   384 | D        | Reached skill level 7 in Axes
   384 | D        | Reached skill level 5 in Armour
   384 | D        | Reached XP level 4. HP: 44/44 MP: 3/3
   564 | D        | Found a radiant altar of Vehumet.
   564 | D        | Found a shimmering blue altar of Sif Muna.
   564 | D        | Found an ancient bone altar of Kikubaaqudgha.
   564 | D        | Noticed a wizard
   567 | D        | Killed a wizard
   568 | D        | Reached skill level 8 in Axes
   568 | D        | Reached skill level 5 in Dodging
   569 | D        | Noticed an orange demon
   571 | D        | Noticed a ynoxinul
   573 | D        | Reached XP level 5. HP: 51/51 MP: 4/4
   675 | D        | Found a hide-covered altar of Uskayaw.
   675 | D        | Found an iron altar of Okawaru.
   675 | D        | Found a bloodstained altar of Trog.
   675 | D        | Found an ornate altar of the Wu Jian Council.
   675 | D        | Noticed a human
   676 | D        | Noticed a human
   681 | D        | Killed a human
   681 | D        | Reached **** piety under Trog
   682 | D        | Reached skill level 10 in Axes
   682 | D        | Reached XP level 6. HP: 61/61 MP: 5/5
   683 | D        | Killed a human
   684 | D        | Reached skill level 11 in Axes
   807 | D        | Found a basalt altar of Yredelemnul.
   807 | D        | Found a shadowy altar of Dithmenos.
   807 | D        | Found a sacrificial altar of Ru.
   816 | D        | Reached XP level 7. HP: 27/69 MP: 6/6
  1115 | D        | Found a glowing silver altar of Zin.
  1115 | D        | Found a glowing golden altar of the Shining One.
  1115 | D        | Found a white marble altar of Elyvilon.
  1117 | D        | Noticed a deep elf pyromancer
  1126 | D        | Killed a deep elf pyromancer
  1126 | D        | Reached ***** piety under Trog
  1127 | D        | Reached skill level 10 in Fighting
  1127 | D        | Reached skill level 13 in Axes
  1217 | D        | Noticed a shadow
  1224 | D        | Killed a shadow
  1224 | D        | Received a gift from Trog
  1225 | D        | Reached skill level 10 in Armour
  1225 | D        | Reached XP level 8. HP: 80/80 MP: 7/7
  1420 | D        | Found a blossoming altar of Fedhas.
  1420 | D        | Found a stormy altar of Qazlal.
  1420 | D        | Found a snail-covered altar of Cheibriados.
  1420 | D        | Found a burning altar of Makhleb.
  1420 | D        | Found a shimmering altar of Xom.
  1421 | D        | Found a hazy altar of Hepliaklqana.
  1421 | D        | Found an opulent altar of Gozag.
  1421 | D        | Found a sparkling altar of Nemelex Xobeh.
  1421 | D        | Found a corrupted altar of Lugonu.
  1421 | D        | Found a viscous altar of Jiyva.
  1433 | D        | Reached skill level 14 in Axes
  1717 | D        | Noticed a two-headed ogre
  1723 | D        | Killed a two-headed ogre
  1724 | D        | Reached skill level 15 in Axes
  1724 | D        | Reached skill level 10 in Dodging
  2003 | D        | Noticed a two-headed ogre
  2003 | D        | Noticed Erolcha
  2013 | D        | Killed a two-headed ogre
  2014 | D        | Reached XP level 9. HP: 89/89 MP: 8/8
  2015 | D        | Received a gift from Trog
  2021 | D        | Killed Erolcha
  2022 | D        | Reached skill level 16 in Axes
  2151 | D        | Noticed a wandering mushroom
  2157 | D        | Noticed a wandering mushroom
  2159 | D        | Noticed a wandering mushroom
  2543 | D        | Killed a wandering mushroom
  3020 | D        | Noticed a cane toad
  3020 | D        | Noticed a komodo dragon
  3020 | D        | Noticed a cane toad
  3028 | D        | Killed a cane toad
  3029 | D        | Reached skill level 17 in Axes
  3032 | D        | Killed a cane toad
  3036 | D        | Killed a komodo dragon
  3328 | D        | Noticed a rime drake
  3335 | D        | Reached XP level 10. HP: 101/101 MP: 9/9
  3720 | D        | Reached skill level 18 in Axes
  3832 | D        | Received a gift from Trog
  4053 | D        | Noticed a lindwurm
  4057 | D        | Killed a lindwurm
  4598 | D        | Noticed Urug
  4606 | D        | Killed Urug
  4607 | D        | Reached skill level 19 in Axes
  4819 | D        | Noticed an eight-headed hydra
  4819 | D        | Noticed an eight-headed hydra
  4823 | D        | HP: 4/154 [seven-headed hydra (15)]
  4823 | D        | Mangled by a seven-headed hydra

Illustrated notes

Levels and vault maps discovered:
D:        dungeon_sprint_mu [sprint_mu_entry_forest, sprint_mu_temple_rooms,
          sprint_mu_d1_spiders, sprint_mu_d2_genie, sprint_mu_d3_branching,
          sprint_mu_orc_legion, sprint_mu_elf_gauntlet, sprint_mu_hive_nellie,
          sprint_mu_lair_fedhas, sprint_mu_vaults_butterflies,
          sprint_mu_slime_circle, sprint_mu_swamp_cave, sprint_mu_snake_twists,
          sprint_mu_blade_basic, sprint_mu_crypt_fortress,
          sprint_mu_tomb_spiral, sprint_mu_vestibule_basic,
          sprint_mu_gehenna_hellfire, sprint_mu_dis_giant,
          sprint_mu_tartarus_statrot, sprint_mu_cocytus_islands, sprint_mu_zot1]

Skill      XL: |  1  2  3  4  5  6  7  8  9 10 |
---------------+-------------------------------+-----
Axes           | 5 6 7 8 10 11 13 15 17 19 | 19.1
Fighting       | 4 5 6 7 8 10 11 13 14 | 14.1
Armour         | 3 4 5 7 8 10 11 12 13 | 13.8
Dodging        | 3 4 5 6 7 9 10 11 12 | 12.7

Action                   |  1- 3 |  4- 6 |  7- 9 | 10-12 || total
-------------------------+-------+-------+-------+-------++-------
Melee: Hand axe          |    18 |    18 |    87 |    14 ||   137
       Headbutt          |     5 |     1 |    17 |     4 ||    27
       Punch             |     1 |       |     2 |       ||     3
       Executioner's axe |       |       |       |    19 ||    19
Invok: Berserk           |     3 |     3 |     7 |     3 ||    16
       Brothers in Arms  |       |       |     1 |       ||     1
  Use: Potion            |       |       |       |     1 ||     1
Armor: Animal skin       |       |     1 |     1 |     4 ||     6
Dodge: Dodged            |     4 |     4 |    34 |    22 ||    64
